 Dungeon Crawl Stone Soup version 0.28.0 (webtiles) character file.

Game seed: 10045673366591670450

90 themarg the Grave Robber (level 4, 0/33 HPs)
             Began as a Hill Orc Necromancer on Feb 15, 2022.
             Succumbed to an adder's poison
             ... on level 3 of the Dungeon.
             The game lasted 00:12:18 (3343 turns).

themarg the Grave Robber (Hill Orc Necromancer)     Turns: 3343, Time: 00:12:18

Health: 0/33       AC:  2    Str: 10    XL:     4   Next: 56%
Magic:  7/7        EV: 12    Int: 17    God:
Gold:   71         SH:  0    Dex: 11    Spells: 2/7 levels left

rFire   . . .      SeeInvis .   c - +0 short sword
rCold   . . .      Faith    .   (no shield)
rNeg    . . .      Spirit   .   a - +0 robe
rPois   .          Reflect  .   (no helmet)
rElec   .          Harm     .   (no cloak)
rCorr   .          Rampage  .   (no gloves)
Will    .....                   (no boots)
Stlth   ++........              (no amulet)
HPRegen 0.11/turn               (no ring)
MPRegen 0.10/turn               (no ring)

@: lethally poisoned (0 -> -5), on berserk cooldown, slowed, very slow
A: no striking features
a: no special abilities


You were on level 3 of the Dungeon.
You visited 1 branch of the dungeon, and saw 3 of its levels.

You collected 71 gold pieces.

Inventory:

Hand Weapons
 c - a +0 short sword (weapon)
 g - a +0 spear of freezing
Missiles
 d - 126 stones (quivered)
 n - 4 curare-tipped darts
Armour
 a - a +0 robe (worn)
 r - a +0 leather armour
Scrolls
 e - a scroll of silence {unknown}
 h - 2 scrolls of blinking {unknown}
 i - a scroll of noise {unknown}
 m - 3 scrolls of teleportation {unknown}
 t - 2 scrolls of magic mapping {unknown}
 u - a scroll of holy word {unknown}
Potions
 b - 2 potions of lignification {unknown}
 f - a potion of might {unknown}
 j - a potion of cancellation {unknown}
 k - a potion of resistance {unknown}
 l - 2 potions of attraction {unknown}
 o - a potion of curing {unknown}
 p - a potion of berserk rage
 q - a potion of haste {unknown}
 s - a potion of mutation {unknown}


   Skills:
 + Level 2.2 Dodging
 + Level 2.4 Stealth
 + Level 2.2 Spellcasting
 + Level 4.5 Necromancy


You had 2 spell levels left.
You knew the following spells:

 Your Spells              Type           Power      Damage    Failure   Level
a - Pain                  Necr           68%        1d7       3%          1
b - Animate Skeleton      Necr           34%        N/A       3%          1
c - Vampiric Draining     Necr           17%        2d7       9%          3

Your spell library contained the following spells:

 Spells                   Type           Power      Damage    Failure   Level
 Blink                    Tloc           2%         N/A       28%         2
 Animate Dead             Necr           8%         N/A       30%         4
 Lesser Beckoning         Tloc           1%         N/A       50%         3
 Agony                    Necr           17%        N/A       63%         5
 Manifold Assault         Tloc           1%         N/A       99%         5
 Borgnjor's Revivificati  Necr           8%         N/A       100%        8
 Necromutation            Tmut/Necr      4%         N/A       100%        8
 Death's Door             Necr           8%         N/A       100%        9


Dungeon Overview and Level Annotations

Branches:
Dungeon (3/15)

Altars:
Xom


Message History

You feel sick.
You see here a +0 club.
You feel sick. The adder closely misses you.
You feel sick. The adder bites you but does no damage.
You feel sick.
There is an open door here.
You miss the adder.
You feel sick. The adder bites you.
* * * LOW HITPOINT WARNING * * *
You are more poisoned.
The adder poisons you!
You hit the adder. You punch the adder, but do no damage.
The adder is heavily wounded.
* * * LOW HITPOINT WARNING * * *
You feel sick. The adder bites you.
* * * LOW HITPOINT WARNING * * *
You are more poisoned.
The adder poisons you! The adder closely misses you.
It was a potion of berserk rage.
A red film seems to cover your vision as you go berserk!
You feel yourself moving faster!
You feel mighty!
* * * LOW HITPOINT WARNING * * *
You feel very sick. The adder barely misses you.
You feel a strong urge to attack something.
* * * LOW HITPOINT WARNING * * *
You feel sick.
* * * LOW HITPOINT WARNING * * *
You feel sick.
You feel your anger nearly subside.
* * * LOW HITPOINT WARNING * * *
You feel sick.
You see here a +0 mace.
You are no longer berserk.
You are exhausted.
You feel yourself slow down.
* * * LOW HITPOINT WARNING * * *
You feel sick.
Things that are here:
a +0 short sword; a +0 ring mail You die...

... #....# #.# #..# ... #.####
#.# #..# ... #.#######.#
#..###### #.......#.#
#.......#
#.......#.###..###.##
##......#.#......#.# #######
#......#.#.#.)..#.#
####.....###......#)#<###..#.#
........)..SSS))@).......>.#.#
####.#.#.###........###.####.#
#...#.###.(....### #.# #.#
#.#.#...######## #.# #.#
######.###.# #.# #.#
...........# #.# #.#
######.###### #.####.#
.....#......# #......#
.###.#......# ########


You could see 2 adders and a ball python.

Vanquished Creatures
  A jelly (D:3)
  A gnoll (D:1)
  A worm (D:2)
  5 orcs (D:3)
  4 endoplasms
  2 goblins
  3 hobgoblins
  3 kobolds
  2 quokkas
  6 ball pythons
  5 bats
  2 frilled lizards (D:2)
  8 rats
43 creatures vanquished.

Notes
Turn   | Place    | Note
-------+----------+-------------------------------------------
     0 | D:1      | themarg the Hill Orc Necromancer began the quest for the
                  | Orb.
     0 | D:1      | Reached XP level 1. HP: 14/14 MP: 3/3
   219 | D:1      | Reached XP level 2. HP: 2/20 MP: 1/4
   651 | D:1      | Found a faded altar of an unknown god.
  1470 | D:2      | Reached XP level 3. HP: 7/26 MP: 0/5
  1713 | D:2      | Learned a level 1 spell: Animate Skeleton
  1717 | D:2      | Learned a level 3 spell: Vampiric Draining
  2256 | D:2      | Found a shimmering altar of Xom.
  3135 | D:3      | Reached XP level 4. HP: 30/33 MP: 3/7
  3342 | D:3      | HP: 1/33 [poisoned by an adder]
  3343 | D:3      | Succumbed to an adder's poison

Illustrated notes

Levels and vault maps discovered:
D:1:      minmay_arrival_hallway, layout_rooms, shapermc_ecumenical_altar_ellora
D:2:      layout_basic, basic_altar
D:3:      layout_basic, xom_butterflies

Skill      XL: |  1  2  3 |
---------------+----------+-----
Stealth        | 2 |  2.4
Dodging        | 2 |  2.2
Spellcasting   | 2 |  2.2
Necromancy     | |  4.5

Action                   |  1- 3 |  4- 6 || total
-------------------------+-------+-------++-------
Melee: Short sword       |    29 |     5 ||    34
       Punch             |       |     1 ||     1
Throw: Stone             |       |     1 ||     1
 Cast: Pain              |    67 |    10 ||    77
  Use: Potion            |       |     1 ||     1
 Stab: Sleeping          |     1 |       ||     1
Armor: Robe              |     5 |     3 ||     8
Dodge: Dodged            |    15 |     7 ||    22
